 Dungeon Crawl Stone Soup version 0.20.0 (webtiles) character file.

1126 BarneyGumball the Ruffian (level 8, -8/64 HPs)
             Began as a Naga Transmuter on June 5, 2017.
             Was an Initiate of Cheibriados.
             Mangled by an orc warrior
             ... wielding a +0 dire flail
              (16 damage)
             ... on level 5 of the Dungeon.
             The game lasted 00:33:14 (8741 turns).

BarneyGumball the Ruffian (Naga Transmuter)         Turns: 8741, Time: 00:33:14

Health: -8/64      AC:  5    Str: 16    XL:     8   Next: 35%
Magic:  9/11       EV: 10    Int: 14    God:    Cheibriados [......]
Gold:   215        SH:  0    Dex: 13    Spells: 1/11 levels left

rFire    . . .     SeeInvis +     - Unarmed
rCold    . . .     Gourm    .   (no shield)
rNeg     . . .     Faith    .   b - +0 robe
rPois    +         Spirit   .   (no helmet)
rElec    .         Reflect  .   (no cloak)
rCorr    .         Harm     .   f - +1 pair of gloves
MR       +....                  (no barding)
Stlth    +.........             (no amulet)
Regen    0.2/turn               (no ring)
MPRegen  0.2/turn               (no ring)

@: appendage, very slow
A: horns 2, see invisible, deformed body, poison resistance, slowness 2, slow
metabolism 1, spit poison 1, AC +2
a: Spit Poison, End Transformation, Bend Time, Renounce Religion


You were on level 5 of the Dungeon.
You worshipped Cheibriados.
Cheibriados was noncommittal.
You were not hungry.
You had grown temporary horns.
You visited 2 branches of the dungeon, and saw 7 of its levels.

You collected 215 gold pieces.

Inventory:

Missiles
 a - 34 arrows
Armour
 b - a +0 robe (worn)
 f - a +1 pair of gloves (worn)
Wands
 g - a wand of polymorph (15/24)
Scrolls
 e - a scroll of enchant armour
 k - a scroll of enchant weapon
 n - a scroll of immolation
 o - 3 scrolls of remove curse
Potions
 h - a potion of agility
 q - 2 potions of lignification
 t - a potion of ambrosia {unknown}
 v - a potion of magic
 x - a potion of brilliance
Books
 c - a book of Changes

   Spells                             Type                      Level
   a - Beastly Appendage              Transmutation                1
   b - Sticks to Snakes               Transmutation                2
   c - Spider Form                    Transmutation/Poison         3
   d - Ice Form                       Ice/Transmutation            4
   e - Blade Hands                    Transmutation                5
 l - a book of Flames

   Spells                             Type                      Level
   a - Flame Tongue                   Conjuration/Fire             1
   b - Throw Flame                    Conjuration/Fire             2
   c - Conjure Flame                  Conjuration/Fire             3
   d - Inner Flame                    Hexes/Fire                   3
   e - Sticky Flame                   Conjuration/Fire             4
   f - Fireball                       Conjuration/Fire             5
Comestibles
 d - 5 bread rations
 i - 3 royal jellies
 j - 3 meat rations
 s - 2 fruits


   Skills:
 - Level 1.0 Fighting
 - Level 1.5 Dodging
 * Level 7.4 Unarmed Combat
 - Level 2.0 Spellcasting
 + Level 5.8 Transmutations
 + Level 2.8 Ice Magic
 - Level 3.0 Poison Magic


You had one spell level left.
You knew the following spells:

 Your Spells              Type           Power        Failure   Level  Hunger
a - Beastly Appendage     Tmut           ###...       2%          1    ##.....
b - Sticks to Snakes      Tmut           ###.....     3%          2    ###....
c - Spider Form           Tmut/Pois      ##........   12%         3    ####...
d - Ice Form              Ice/Tmut       ##......     36%         4    #####..


Dungeon Overview and Level Annotations

Branches:
Dungeon (6/15)             Temple (1/1) D:5

Altars:
Cheibriados
Elyvilon
Hepliaklqana
Kikubaaqudgha
Makhleb
Okawaru
Ru
Sif Muna
Trog
Xom
Yredelemnul
Zin
The Shining One

Shops:
D:4 }

Annotations:
D:4 Pikel
D:5 exclusion: centaur


Innate Abilities, Weirdness & Mutations

You cannot wear boots.
Your serpentine skin is tough. (AC +2)
You have supernaturally acute eyesight. (SInv)
Armour fits poorly on your strangely shaped body.
Your system is resistant to poisons. (rPois)
You cover ground very slowly.
You have a slow metabolism.
You can spit poison.
You have a pair of horns on your head.


Message History

The orc warrior is moderately wounded.
Your adder bites the orc warrior.
The orc warrior hits you with a dire flail!
Casting: Sticks to Snakes
Confirm with . or Enter, or press ? or * to list all spells.
You grow a pair of large bovine horns.
Your adder bites the orc warrior but does no damage.
The orc warrior hits you with a dire flail!!
You hit the orc warrior but do no damage.
Your headbutt misses the orc warrior.
The orc warrior is heavily wounded.
Your adder misses the orc warrior. You closely miss the orc warrior.
The orc warrior is heavily wounded.
Your adder closely misses the orc warrior.
The orc warrior hits you with a dire flail!
* * * LOW HITPOINT WARNING * * *
Your adder bites the orc warrior but does no damage.
The orc warrior hits you with a dire flail!
You die...

.## #.# [.#### #.# #....# #.#
..##.# #.# [###.# #.# ######
...#.# #########.# #.....
.#.#.########.........# #.#...
.........^..#.##############.#...
##............So@................
##########..................#...
#######################


You could see an orc warrior and a friendly adder.

Vanquished Creatures
  An ice beast (D:5)
  A slave (D:3)
  A phantom (D:6)
  2 bullfrogs (D:3)
  2 crimson imps
  A hound (D:5)
  2 bullfrog skeletons (D:5)
  2 orc priests
  A centaur skeleton (D:4)
  2 iguanas
  5 orc wizards
  A worker ant (D:4)
  A hound skeleton (D:5)
  A worker ant zombie (D:5)
  16 adders
  4 gnolls (D:4)
  A shadow imp (D:5)
  An adder skeleton (D:5)
  3 worms
  3 dart slugs
  4 leopard geckos
  14 orcs
  A ball python (D:2)
  10 giant cockroaches
  10 goblins
  9 hobgoblins
  6 jackals
  8 kobolds
  4 quokkas
  10 bats
  8 frilled lizards
  A jackal zombie (D:5)
  2 leopard gecko skeletons (D:4)
  2 quokka skeletons
  12 rats
152 creatures vanquished.

Vanquished Creatures (collateral kills)
  An adder (D:2)
  An orc (D:3)
  A bat (D:3)
  A frilled lizard (D:3)
4 creatures vanquished.

Vanquished Creatures (others)
  An orc warrior (D:6)
  A centaur (D:6)
  A hound zombie (D:6)
  3 adders (D:6)
6 creatures vanquished.

Grand Total: 162 creatures vanquished

Notes
Turn   | Place    | Note
-------+----------+-------------------------------------------
     0 | D:1      | BarneyGumball the Naga Transmuter began the quest for the Orb.
     0 | D:1      | Reached XP level 1. HP: 18/18 MP: 3/3
    85 | D:1      | Reached XP level 2. HP: 9/25 MP: 3/5
  1150 | D:1      | Reached skill level 4 in Unarmed Combat
  1306 | D:1      | Reached XP level 3. HP: 11/31 MP: 6/6
  2172 | D:2      | Learned a level 2 spell: Sticks to Snakes
  2176 | D:2      | Learned a level 3 spell: Spider Form
  2265 | D:2      | Reached XP level 4. HP: 33/38 MP: 7/7
  2564 | D:2      | Reached skill level 5 in Unarmed Combat
  3472 | D:2      | Reached XP level 5. HP: 44/44 MP: 8/8
  4213 | D:3      | Reached skill level 6 in Unarmed Combat
  4498 | D:3      | Reached skill level 1 in Poison Magic
  4498 | D:3      | Reached XP level 6. HP: 24/51 MP: 7/9
  4807 | D:3      | Found a glowing silver altar of Zin.
  4807 | D:3      | Found a white marble altar of Elyvilon.
  4810 | D:3      | Found a glowing golden altar of the Shining One.
  5110 | D:3      | Found a burning altar of Makhleb.
  5491 | D:4      | Reached XP level 7. HP: 54/57 MP: 10/10
  5633 | D:4      | Noticed Pikel
  5649 | D:4      | Found Pogack's Gadget Shoppe.
  6093 | D:2      | Learned a level 4 spell: Ice Form
  6429 | D:5      | Entered Level 5 of the Dungeon
  6453 | D:5      | Reached skill level 5 in Transmutations
  6574 | D:5      | Reached skill level 1 in Ice Magic
  7455 | D:5      | Reached XP level 8. HP: 21/64 MP: 4/11
  7719 | D:5      | Reached skill level 7 in Unarmed Combat
  7804 | D:5      | Found a staircase to the Ecumenical Temple.
  7814 | Temple   | Entered the Ecumenical Temple
  7842 | Temple   | Became a worshipper of Cheibriados the Contemplative
  8644 | D:6      | Found a deep blue altar of Sif Muna.
  8644 | D:6      | Found a bloodstained altar of Trog.
  8691 | D:6      | Found a shimmering altar of Xom.
  8741 | D:5      | Mangled by an orc warrior

Skill      XL: |  1  2  3  4  5  6  7  8 |
---------------+-------------------------+-----
Unarmed Combat | 4 5 6 7 |  7.4
Poison Magic   | 1 3 |  3.0
Transmutations | 4 5 |  5.8
Ice Magic      | 2 |  2.8
Fighting       | |  1.0
Dodging        | |  1.5
Spellcasting   | |  2.0

Action                   |  1- 3 |  4- 6 |  7- 9 || total
-------------------------+-------+-------+-------++-------
Melee: Unarmed           |   155 |   220 |   276 ||   651
       Headbutt          |     5 |     8 |    22 ||    35
       Punch             |     1 |     1 |    10 ||    12
 Cast: Beastly Appendage |    10 |    16 |    18 ||    44
       Sticks to Snakes  |       |     4 |     7 ||    11
       Spider Form       |       |       |     3 ||     3
 Abil: Spit Poison       |     4 |     7 |     6 ||    17
  Use: Scroll            |       |    11 |     4 ||    15
 Stab: Sleeping          |       |     1 |       ||     1
  Eat: Chunk             |     3 |    10 |     9 ||    22
       Fruit             |       |       |     1 ||     1
Armor: Robe              |    36 |    67 |    88 ||   191
       Skin              |       |       |     1 ||     1
Dodge: Dodged            |    85 |   137 |   141 ||   363
